 Dungeon Crawl Stone Soup version 0.30-a0-779-g7971cf19c3 (webtiles) character file.

Game seed: 7492191390273222607

11 Ghostmaker01 the Trooper (level 2, 0/27 HPs)
             Began as a Minotaur Cinder Acolyte on Feb 17, 2023.
             Was a High Priest of Ignis.
             Slain by a kobold
             ... wielding a +0 dagger
              (3 damage)
             ... on level 1 of the Dungeon.
             The game lasted 00:01:53 (233 turns).

Ghostmaker01 the Trooper (Minotaur Cinder Acolyte)   Turns: 233, Time: 00:01:54

Health: 0/27       AC:  2    Str: 18    XL:     2   Next: 17%
Magic:  2/2        EV: 11    Int: 11    God:    Ignis [*****.]
Gold:   23         SH:  0    Dex:  5    Spells: 3/3 levels left

rFire   + . .      SeeInvis .    a - -1 hand axe (flame)
rCold   . . .      Faith    .    (no shield)
rNeg    . . .      Spirit   .    b - +0 robe
rPois   .          Reflect  .    (helmet restricted)
rElec   .          Harm     .    (no cloak)
rCorr   .          Rampage  .    (no gloves)
Will    .....                    (no boots)
Stlth   +                        (no amulet)
HPRegen 0.24/turn                (no ring)
MPRegen 0.08/turn                (no ring)

@: no status effects
A: horns 2, retaliatory headbutt
a: Renounce Religion, Fiery Armour, Foxfire Swarm, Rising Flame


You were on level 1 of the Dungeon.
You worshipped Ignis.
Ignis was extremely pleased with you.
You visited 1 branch of the dungeon, and saw 1 of its levels.

You collected 23 gold pieces.

Inventory:

Hand Weapons
 a - a -1 hand axe of flaming (weapon)
Armour
 b - a +0 robe (worn)
Scrolls
 d - a scroll of teleportation {unknown}
Potions
 c - a potion of attraction {unknown}


   Skills:
 + Level 4.0 Fighting
 + Level 3.9 Axes
 + Level 0.2 Dodging
 + Level 1.0 Spellcasting
 + Level 2.3 Fire Magic


You had 3 spell levels left.
You didn't know any spells.
Your spell library contained the following spells:

 Spells                   Type           Power      Damage    Failure   Level
 Scorch                   Fire           10%        2d6       19%         2


Dungeon Overview and Level Annotations

Branches:
Dungeon (1/15)

Altars:

Shops:
D:1 *:


Innate Abilities, Weirdness & Mutations

You have a pair of horns on your head.
You reflexively headbutt those who attack you in melee.


Message History

The kobold shouts!
A frilled lizard comes into view.
The frilled lizard hisses angrily.
You see here a scroll labelled QAEDEA JIDGHUNT.
The kobold hits you with a +2 dagger of electrocution.
You are electrocuted!
Ouch! That really hurt!
You are too injured to fight recklessly!
You are too injured to fight recklessly!
You are too injured to fight recklessly!
You are too injured to fight recklessly!
You are too injured to fight recklessly!
You are too injured to fight recklessly!
You are too injured to fight recklessly!
You are too injured to fight recklessly!
You are too injured to fight recklessly!
You are too injured to fight recklessly!
You are too injured to fight recklessly!
You are too injured to fight recklessly!
You are too injured to fight recklessly!
You are too injured to fight recklessly!
The kobold attacks as you move away!
The kobold hits you with a +2 dagger of electrocution.
* * * LOW HITPOINT WARNING * * *
You see here a scroll labelled QAEDEA JIDGHUNT.
You hit the kobold but do no damage. You headbutt the kobold.
You kill the kobold!
You closely miss the kobold. The kobold hits you with a +0 dagger.
* * * LOW HITPOINT WARNING * * *
The frilled lizard bites you.
* * * LOW HITPOINT WARNING * * *
The kobold barely misses you.
You closely miss the kobold. You closely miss the frilled lizard.
The kobold closely misses you. The frilled lizard bites you.
* * * LOW HITPOINT WARNING * * *
You hit the kobold but do no damage. Your headbutt misses the kobold.
You hit the frilled lizard. You burn the frilled lizard.
You kill the frilled lizard!
The kobold hits you with a +0 dagger.
You die...

... ##
#.###########.
#.........##..
#..######.##.# #
#..# #..... #..
#######†.# ######
#...##........#
.......#####..#
.......K@.....#
.....$.†.###.....#
##
........∩....###.#
####..
....###.####.. ..
....# .#. ... ....
..... # .... ......
. ###.# .##.#
.....#!#. ##.## ..
#.##?....#.#.##...#
# #......(


You could see a kobold.

Vanquished Creatures
  2 bats (D:1)
  An endoplasm (D:1)
  A goblin (D:1)
  3 hobgoblins (D:1)
  A kobold (D:1)
  3 frilled lizards (D:1)
11 creatures vanquished.

Notes
Turn   | Place    | Note
-------+----------+-------------------------------------------
     0 | D:1      | Ghostmaker01 the Minotaur Cinder Acolyte began the quest
                  | for the Orb.
     0 | D:1      | Reached XP level 1. HP: 19/19 MP: 1/1
   130 | D:1      | Found Agumea's Book Shop.
   172 | D:1      | Reached skill level 4 in Fighting
   172 | D:1      | Reached XP level 2. HP: 20/27 MP: 2/2
   226 | D:1      | Found Sedeb's Assorted Antiques.
   233 | D:1      | Slain by a kobold

Illustrated notes

Levels and vault maps discovered:
D:1:      lemuel_arrival_broad_hall, layout_loops_ring, serial_shops,
          nicolae_lakefront_shop, nicolae_shop_statue_plus, shop_statue,
          nicolae_shop_waterfront, shop

Skill      XL: |  1 |
---------------+----+-----
Fighting       | 4 |  4.0
Axes           | |  3.9
Dodging        | |  0.2
Spellcasting   | |  1.0
Fire Magic     | |  2.3

Action                     || total
---------------------------++-------
  Melee: Hand axe          ||    20
         Headbutt          ||     2
 Armour: Robe              ||     3
  Dodge: Dodged            ||    15

Table legend: (Time is in decaauts)
 A = Elapsed time spent in this place.
 B = Non-inter-level travel time spent in this place.
 C = Inter-level travel time spent in this place.
 D = Time resting spent in this place.
 E = Time spent auto-exploring this place.
 F = Levels seen in this place.
 G = Mean time per level.
                   A        B        C        D        E       F      G
               +--------+--------+--------+--------+--------+-----+--------+
         Total |    235 |    235 |      0 |      0 |    106 |   1 |  235.0 |
       Dungeon |    235 |    235 |      0 |      0 |    106 |   1 |  235.0 |
               +--------+--------+--------+--------+--------+-----+--------+

Top non-repeatable levels by time:
     D:1: 235 daAuts
